 Dungeon Crawl Stone Soup version 0.31-a0-1370-gf52a5a9ab3 (webtiles) character file.

Game seed: 14103960369574370191

78 grandjackal the Trooper (level 4, -4/48 HPs)
             Began as an Oni Warper on Dec 24, 2023.
             Shot with a sling bullet by a gnoll (8 damage)
             ... on level 3 of the Dungeon.
             The game lasted 00:02:12 (2093 turns).

grandjackal the Trooper (Oni Warper)                Turns: 2093, Time: 00:02:13

Health: -4/48      AC:  3    Str: 15    XL:     4   Next: 36%
Magic:  5/7        EV:  9    Int: 16    God:
Gold:   108        SH:  0    Dex:  8    Spells: 5/7 levels left

rFire   . . .        p - +7 Throatcutter {drain, coup de grace}
rCold   . . .        (no shield)
rNeg    . . .        b - +0 robe
rPois   .            (helmet restricted)
rElec   .            (no cloak)
rCorr   .            (gloves unavailable)
SInv    .            (boots unavailable)
Will    .....        (no amulet)
Stlth   +            (no ring)
HPRegen 0.28/turn    (no ring)
MPRegen 0.10/turn

%: no passive effects
@: on blink cooldown
A: large, unfitting armour, horns 1, tough skin 1, double potion healing,
drunken brawling
a: no special abilities


You were on level 3 of the Dungeon.
You visited 1 branch of the dungeon, and saw 3 of its levels.

You collected 108 gold pieces.

Inventory:

Hand Weapons
 a - a +0 mace
 p - the +7 Throatcutter (weapon) {drain, coup de grace}
   (You took it off Terence on level 3 of the Dungeon)
Missiles
 d - 7 darts of dispersal (quivered)
 h - 4 poisoned darts
Armour
 b - a +0 robe (worn)
Wands
 j - a wand of iceblast (5)
Scrolls
 c - 2 scrolls of blinking
 f - 3 scrolls of teleportation {unknown}
 g - a scroll of immolation {unknown}
 n - a scroll of identify {unknown}
 q - a scroll of enchant weapon {unknown}
Potions
 e - 2 potions of degeneration {unknown}
 i - 2 potions of curing {unknown}
 k - 2 potions of heal wounds {unknown}
 l - 2 potions of brilliance {unknown}
 m - a potion of mutation {unknown}
 o - a potion of berserk rage {unknown}


   Skills:
 + Level 4.1 Fighting
 + Level 3.0 Maces & Flails
 - Level 1.0 Throwing
 - Level 2.1 Dodging
 - Level 2.4 Spellcasting
 + Level 3.4 Translocations


You had 5 spell levels left.
You knew the following spells:

 Your Spells              Type           Power      Damage    Failure   Level
a - Blink                 Tloc           24%        N/A       8%          2

Your spell library contained the following spells:

 Spells                   Type           Power      Damage    Failure   Level
 Lesser Beckoning         Tloc           24%        N/A       8%          2
 Teleport Other           Tloc           12%        N/A       14%         3
 Cigotuvi's Dreadful Rot  Necr/Alch/Air  2%         N/A       30%         2
 Manifold Assault         Tloc           12%        N/A       43%         4
 Vhi's Electric Charge    Tloc/Air       14%        N/A       69%         4
 Dispel Undead            Necr           1%         3d6       89%         4
 Death Channel            Necr           0%         N/A       100%        6


Dungeon Overview and Level Annotations

Branches:
Dungeon (3/15)

Altars:
Xom

Shops:
D:2 !   D:3 [


Innate Abilities, Weirdness & Mutations

You are too large for most types of armour.
You have a pair of small horns on your head.
You have tough skin. (AC +1)
You gain doubled healing and magic from potions.
Whenever you drink a healing potion, you attack all around you.


Message History

You hear a shout!
The gnoll shoots a sling bullet.
The sling bullet barely misses you.
You see here a rat corpse.
The gnoll shoots a sling bullet.
The sling bullet barely misses you.
You hear a shout!
The gnoll shoots a sling bullet.
The sling bullet closely misses you. The gnoll hits you with a +0 flail!
The kobold shouts!
You slash the gnoll!
You behead the gnoll!
You kill the gnoll!
The gnoll shoots a sling bullet.
The sling bullet hits you.
The kobold throws a poisoned dart.
The poisoned dart barely misses you.
Your Maces & Flails skill increases to level 3!
The gnoll shoots a sling bullet.
The sling bullet hits you.
The gnoll hits you from afar with a +0 spear.
You see here a +0 flail.
The gnoll unwields a +0 sling.
The gnoll wields a +0 whip.
The gnoll hits you with a +0 whip. The gnoll closely misses you.
You see here a rat corpse.
The gnoll unwields a +0 whip.
The gnoll wields a +0 sling.
The gnoll shoots a sling bullet.
The sling bullet barely misses you.
The gnoll hits you from afar with a +0 spear.
You see here a +0 flail.
The gnoll attacks as it pursues you!
The gnoll hits you from afar with a +0 spear.
You open the door.
The gnoll hits you from afar with a +0 spear.
* * * LOW HITPOINT WARNING * * *
Found 6 poisoned darts.
There is an open door here.
The gnoll attacks as it pursues you!
The gnoll hits you from afar with a +0 spear.
* * * LOW HITPOINT WARNING * * *
You open the door.
The gnoll hits you from afar with a +0 spear.
* * * LOW HITPOINT WARNING * * *
Casting: Blink (safe; 8% risk of failure)
Confirm with . or Enter, or press ? or * to list all spells.
You blink.
The gnoll shoots a sling bullet.
The sling bullet hits you!
You die...

##############
#............#
#.##########.##### #.#
#......# #.# #..###.#
#.# #..#)..# #.#####
#..#...# #.#..@#
#..#...##### #.#...#
#...<......#
###.#...#####.########.#
+...gg.§'..........>##.#
###g#...#..##.########.#
#K#.(.#..#.....# #.#
#g#####.#...##.#####.#
###†## ##.##..##...)...#
#..K.###..##..##########


You could see 3 gnolls and a kobold.

Vanquished Creatures
  Terence (D:3)
  A gnoll (D:3)
  An adder (D:2)
  A worm (D:2)
  3 ball pythons
  3 endoplasms
  A giant cockroach (D:3)
  A goblin (D:1)
  5 hobgoblins
  A quokka (D:2)
  4 bats
  2 frilled lizards
  3 kobolds
  5 rats
32 creatures vanquished.

Notes
Turn   | Place    | Note
-------+----------+-------------------------------------------
     0 | D:1      | grandjackal the Oni Warper began the quest for the Orb.
     0 | D:1      | Reached XP level 1. HP: 22/22 MP: 3/3
    89 | D:1      | Reached skill level 3 in Fighting
    93 | D:1      | Reached XP level 2. HP: 31/31 MP: 5/5
   663 | D:2      | Learned a level 2 spell: Blink
   775 | D:2      | Found Wohuhuru's Distillery.
  1156 | D:2      | Reached XP level 3. HP: 26/37 MP: 6/6
  1605 | D:3      | Found Buvos's Armour Shop.
  1630 | D:3      | Found a faded altar of an unknown god.
  1726 | D:3      | Noticed Terence
  1731 | D:3      | Killed Terence
  1732 | D:3      | Reached skill level 4 in Fighting
  1732 | D:3      | Reached XP level 4. HP: 48/48 MP: 7/7
  1756 | D:3      | Found a shimmering altar of Xom.
  2093 | D:3      | Shot with a sling bullet by a gnoll

Illustrated notes

Levels and vault maps discovered:
D:1:      dpeg_arrival_tiny_a, layout_basic
D:2:      layout_basic, serial_shops, nicolae_shop_stone
D:3:      layout_basic, xom_teletrap_fun, serial_shops, shop,
          nicolae_ecumenical_oubliette, minivault_26, uniq_terence

Skill      XL: |  1  2  3  4 |
---------------+-------------+-----
Fighting       | 3 4 |  4.1
Translocations | 3 |  3.4
Maces & Flails | 3 |  3.0
Throwing       | |  1.0
Dodging        | |  2.1
Spellcasting   | |  2.4

Action                     |  1- 3 |  4- 6 || total
---------------------------+-------+-------++-------
  Melee: Mace              |    92 |       ||    92
         Headbutt          |    12 |       ||    12
         Punch             |     1 |       ||     1
         Long sword        |       |     4 ||     4
   Cast: Blink             |       |     1 ||     1
  Evoke: Wand              |     5 |       ||     5
 Armour: Robe              |    60 |    20 ||    80
  Dodge: Dodged            |    50 |     9 ||    59

Table legend: (Time is in decaauts)
 A = Elapsed time spent in this place.
 B = Non-inter-level travel time spent in this place.
 C = Inter-level travel time spent in this place.
 D = Time resting spent in this place.
 E = Time spent auto-exploring this place.
 F = Levels seen in this place.
 G = Mean time per level.
                   A        B        C        D        E       F      G
               +--------+--------+--------+--------+--------+-----+--------+
         Total |   2121 |   2075 |     46 |    323 |   1353 |   3 |  707.0 |
       Dungeon |   2121 |   2075 |     46 |    323 |   1353 |   3 |  707.0 |
               +--------+--------+--------+--------+--------+-----+--------+

Top non-repeatable levels by time:
     D:2: 1032 daAuts
     D:1: 744 daAuts
     D:3: 344 daAuts
